BSA
KENILWORTH ACES @ SAN FRANCISCO BANDITS
09/09/2029
 
TOP OF THE 1ST
Kenilworth Aces batting - Pitching for San Francisco Bandits : RHP Francisco Arellano
Pitching: RHP Francisco Arellano
Batting: RHB Jorge Jiménez 0-0: Called Strike
0-1: Ball
1-1: Fly out, F4 (Line Drive, 4)
Batting: RHB Jeff Bane 0-0: Foul Ball, location: 2F
0-1: Swinging Strike
0-2: Ball
1-2: Ball
2-2: Ball
3-2: SINGLE (Groundball, 34) (infield hit)
Batting: LHB Barrett Waters 0-0: Ball
1-0: Ball
Jeff Bane is caught stealing 2nd base
2-0: Foul Ball, location: 2F
2-1: Swinging Strike
2-2: Ball
3-2: Foul Ball, location: 2F
3-2: Ground out 5-3 (Groundball, 5)
Top of the 1st over - 0 runs, 1 hit, 0 errors, 0 left on base; Kenilworth 0 - San Francisco 0
BOTTOM OF THE 1ST
San Francisco Bandits batting - Pitching for Kenilworth Aces : RHP Lorenzo Aguilar
Pitching: RHP Lorenzo Aguilar
Batting: RHB Peter Bishop 0-0: Ball
1-0: Called Strike
1-1: Ground out U3 (Groundball, 34)
Batting: SHB Terry Dailey 0-0: Ball
1-0: Ball
2-0: Fly out, F8 (Flyball, 8LM)
Batting: RHB Owen Carter 0-0: Foul Ball, location: 2F
0-1: Foul Ball, location: 2F
0-2: Ball
1-2: Foul Ball, location: 2F
1-2: Ball
2-2: Strikes out swinging
Bottom of the 1st over - 0 runs, 0 hits, 0 errors, 0 left on base; Kenilworth 0 - San Francisco 0
TOP OF THE 2ND
Kenilworth Aces batting - Pitching for San Francisco Bandits : RHP Francisco Arellano
Batting: SHB Julián Madrid 0-0: SINGLE (Groundball, 56D)
Batting: LHB Sean Nicks 0-0: Ball
1-0: Ball
2-0: Called Strike
2-1: Fly out, F5 (Popup, 15S)
Batting: RHB Andrés Lara 0-0: Called Strike
0-1: Fly out, F9 (Flyball, 9LD)
Batting: RHB Taylor McFarland 0-0: Swinging Strike
0-1: Fly out, F8 (Line Drive, 8RXD)
Top of the 2nd over - 0 runs, 1 hit, 0 errors, 1 left on base; Kenilworth 0 - San Francisco 0
BOTTOM OF THE 2ND
San Francisco Bandits batting - Pitching for Kenilworth Aces : RHP Lorenzo Aguilar
Batting: LHB Chris Austin 0-0: Called Strike
0-1: Swinging Strike
0-2: Ball
1-2: Ball
2-2: Ball
3-2: Ground out 5-3 (Groundball, 56)
Batting: LHB Alan McGilroy 0-0: Ball
1-0: Foul Ball, location: 2F
1-1: Ball
2-1: Swinging Strike
2-2: Ball
3-2: Strikes out swinging
Batting: RHB Dale Taylor 0-0: SOLO HOME RUN (Flyball, 7D), Distance : 383 ft
Batting: RHB Naomichi Aoki 0-0: Ball
1-0: Ball
2-0: Swinging Strike
2-1: Swinging Strike
2-2: Strikes out swinging
Bottom of the 2nd over - 1 run, 1 hit, 0 errors, 0 left on base; Kenilworth 0 - San Francisco 1
TOP OF THE 3RD
Kenilworth Aces batting - Pitching for San Francisco Bandits : RHP Francisco Arellano
Batting: LHB Pedro Díaz 0-0: Foul Ball, location: 2F
0-1: Ball
1-1: Foul Ball, location: 2F
1-2: Ground out 4-3 (Groundball, 4)
Batting: RHB António Gonzáles 0-0: Ball
1-0: SINGLE (Flyball, 89S)
Batting: RHB Jorge Jiménez 0-0: Foul Ball, location: 2F
0-1: Foul Ball, location: 2F
0-2: Ball
1-2: Strikes out swinging
Batting: RHB Jeff Bane 0-0: Ball
1-0: Foul Ball, location: 2F
1-1: Called Strike
1-2: Ball
2-2: Foul Ball, location: 2F
2-2: Ground out 4-3 (Groundball, 4)
Top of the 3rd over - 0 runs, 1 hit, 0 errors, 1 left on base; Kenilworth 0 - San Francisco 1
BOTTOM OF THE 3RD
San Francisco Bandits batting - Pitching for Kenilworth Aces : RHP Lorenzo Aguilar
Batting: RHB Scott Merritt 0-0: Ball
1-0: Fly out, F7 (Flyball, 7D)
Batting: RHB Jaime Spiridon 0-0: Ball
1-0: Fly out, F7 (Line Drive, 78M)
Batting: RHB Peter Bishop 0-0: Called Strike
0-1: Foul Ball, location: 2F
0-2: Ball
1-2: Ball
2-2: Strikes out swinging
Bottom of the 3rd over - 0 runs, 0 hits, 0 errors, 0 left on base; Kenilworth 0 - San Francisco 1
TOP OF THE 4TH
Kenilworth Aces batting - Pitching for San Francisco Bandits : RHP Francisco Arellano
Batting: LHB Barrett Waters 0-0: Ball
1-0: Called Strike
1-1: Ball
2-1: Ball
3-1: Called Strike
3-2: Reached on error, E9 (Flyball, 89D)
Batting: SHB Julián Madrid 0-0: Foul Ball, location: 2F
0-1: SINGLE (Flyball, 7S)
Barrett Waters to third
Runner from 3rd tries for Home, SAFE, throw made home
Batting: LHB Sean Nicks 0-0: Ball
1-0: Called Strike
1-1: Swinging Strike
1-2: Foul Ball, location: 2F
1-2: Strikes out looking
Batting: RHB Andrés Lara 0-0: Called Strike
0-1: Ball
1-1: SINGLE (Groundball, 25) (infield hit)
Julián Madrid to second
Batting: RHB Taylor McFarland 0-0: Called Strike
0-1: Called Strike
0-2: Ball
1-2: Grounds into double play, 5-4-3 (Groundball, 56)
Top of the 4th over - 1 run, 2 hits, 1 error, 1 left on base; Kenilworth 1 - San Francisco 1
BOTTOM OF THE 4TH
San Francisco Bandits batting - Pitching for Kenilworth Aces : RHP Lorenzo Aguilar
Batting: SHB Terry Dailey 0-0: Foul Ball, location: 2F
0-1: Swinging Strike
0-2: Ground out 4-3 (Groundball, 4)
Batting: RHB Owen Carter 0-0: Called Strike
0-1: Ball
1-1: Fly out, F9 (Flyball, 9S)
Batting: LHB Chris Austin 0-0: Ball
1-0: Ball
2-0: Called Strike
2-1: Foul Ball, location: 2F
2-2: Strikes out swinging
Bottom of the 4th over - 0 runs, 0 hits, 0 errors, 0 left on base; Kenilworth 1 - San Francisco 1
TOP OF THE 5TH
Kenilworth Aces batting - Pitching for San Francisco Bandits : RHP Francisco Arellano
Batting: LHB Pedro Díaz 0-0: Ball
1-0: Ball
2-0: Ball
3-0: Called Strike
3-1: Called Strike
3-2: Strikes out swinging
Batting: RHB António Gonzáles 0-0: Ball
1-0: Ground out 5-3 (Groundball, 56)
Batting: RHB Jorge Jiménez 0-0: Called Strike
0-1: Ball
1-1: DOUBLE (Flyball, 89D)
Batting: RHB Jeff Bane 0-0: Ball
1-0: Foul Ball, location: 2F
1-1: Ball
2-1: Ball
3-1: Ground out U3 (Groundball, 34)
Top of the 5th over - 0 runs, 1 hit, 0 errors, 1 left on base; Kenilworth 1 - San Francisco 1
BOTTOM OF THE 5TH
San Francisco Bandits batting - Pitching for Kenilworth Aces : RHP Lorenzo Aguilar
Batting: LHB Alan McGilroy 0-0: Swinging Strike
0-1: Ball
1-1: Ball
2-1: Foul Ball, location: 2F
2-2: Ball
3-2: Foul Ball, location: 2F
3-2: Strikes out swinging
Batting: RHB Dale Taylor 0-0: Called Strike
0-1: Foul Ball, location: 2F
0-2: Fly out, F9 (Flyball, 9D)
Batting: RHB Naomichi Aoki 0-0: Called Strike
0-1: Swinging Strike
0-2: Foul Ball, location: 2F
0-2: Ball
1-2: Strikes out swinging
Bottom of the 5th over - 0 runs, 0 hits, 0 errors, 0 left on base; Kenilworth 1 - San Francisco 1
TOP OF THE 6TH
Kenilworth Aces batting - Pitching for San Francisco Bandits : RHP Francisco Arellano
Batting: LHB Barrett Waters 0-0: Ball
1-0: Called Strike
1-1: Ball
2-1: Ball
3-1: Foul Ball, location: 2F
3-2: Base on Balls
Batting: SHB Julián Madrid 0-0: Called Strike
0-1: Foul Ball, location: 2F
0-2: Ball
1-2: Ball
2-2: SINGLE (Flyball, 7S)
Barrett Waters to second
Pitching: RHP Mitsunari Taguchi
Batting: LHB Sean Nicks 0-0: Called Strike
0-1: Ball
1-1: Ball
2-1: Fly out, F9 (Flyball, 9LS)
Batting: RHB Andrés Lara 0-0: Ball
1-0: Called Strike
1-1: SINGLE (Line Drive, 56)
Barrett Waters to third
Julián Madrid to second
Runner from 3rd tries for Home, SAFE, throw made home
Batting: RHB Taylor McFarland 0-0: Ball
1-0: Ball
2-0: SINGLE (Groundball, 56D)
Julián Madrid to third
Andrés Lara to second
Runner from 3rd tries for Home, SAFE, throw made home
Batting: LHB Pedro Díaz 0-0: Ball
1-0: Foul Ball, location: 2F
1-1: Ball
2-1: Called Strike
2-2: Foul Ball, location: 2F
2-2: Foul Ball, location: 2F
2-2: Ball
3-2: DOUBLE (Line Drive, 89D)
Andrés Lara scores
Taylor McFarland to third
Batting: RHB António Gonzáles 0-0: Called Strike
0-1: Ball
1-1: Ball
2-1: DOUBLE (Flyball, 78D)
Taylor McFarland scores
Pedro Díaz scores
Batting: RHB Jorge Jiménez 0-0: Ball
1-0: Ball
2-0: Ball
3-0: Base on Balls
Batting: RHB Jeff Bane 0-0: Swinging Strike
0-1: Grounds into double play, 5-4-3 (Groundball, 56)
Top of the 6th over - 5 runs, 5 hits, 0 errors, 1 left on base; Kenilworth 6 - San Francisco 1
BOTTOM OF THE 6TH
San Francisco Bandits batting - Pitching for Kenilworth Aces : RHP Lorenzo Aguilar
Batting: RHB Scott Merritt 0-0: SOLO HOME RUN (Flyball, 78XD), Distance : 372 ft
Batting: RHB Jaime Spiridon 0-0: Ball
1-0: Called Strike
1-1: Ground out 6-3 (Groundball, 6)
Batting: RHB Peter Bishop 0-0: Ball
1-0: Foul Ball, location: 2F
1-1: Ball
2-1: Ground out 3-1 (Groundball, 34S)
Batting: SHB Terry Dailey 0-0: Called Strike
0-1: Fly out, F7 (Line Drive, 78S)
Bottom of the 6th over - 1 run, 1 hit, 0 errors, 0 left on base; Kenilworth 6 - San Francisco 2
TOP OF THE 7TH
Kenilworth Aces batting - Pitching for San Francisco Bandits : RHP Mitsunari Taguchi
Pitching: RHP David Bates
Batting: LHB Barrett Waters 0-0: Called Strike
0-1: Ball
1-1: Ball
2-1: Swinging Strike
2-2: SINGLE (Flyball, 78S)
Batting: SHB Julián Madrid 0-0: Fly out, F5 (Popup, 5)
Batting: LHB Sean Nicks 0-0: Ball
Barrett Waters steals 2nd base
1-0: Ball
2-0: Foul Ball, location: 2F
2-1: Ball
3-1: Foul Ball, location: 2F
3-2: Foul Ball, location: 2F
3-2: Ground out U3 (Groundball, 3)
Barrett Waters to third
Batting: RHB Andrés Lara 0-0: Called Strike
0-1: Foul Ball, location: 2F
0-2: Ball
1-2: Ball
2-2: Ground out 4-3 (Groundball, 34)
Top of the 7th over - 0 runs, 1 hit, 0 errors, 1 left on base; Kenilworth 6 - San Francisco 2
BOTTOM OF THE 7TH
San Francisco Bandits batting - Pitching for Kenilworth Aces : RHP Lorenzo Aguilar
Batting: RHB Owen Carter 0-0: Called Strike
0-1: Foul Ball, location: 2F
0-2: Ball
1-2: DOUBLE (Groundball, 3L)
Batting: LHB Chris Austin 0-0: Fly out, F8 (Flyball, 8LM)
Batting: LHB Alan McGilroy 0-0: Ball
1-0: Ball
2-0: Called Strike
2-1: Called Strike
2-2: Ball
3-2: Ground out U3 (Groundball, 3)
Owen Carter to third
Batting: RHB Dale Taylor 0-0: Foul Ball, location: 2F
0-1: Ball
1-1: Swinging Strike
1-2: DOUBLE (Line Drive, 7LD)
Owen Carter scores
Batting: RHB Naomichi Aoki 0-0: Ball
1-0: Foul Ball, location: 2F
1-1: Ball
2-1: 2-RUN HOME RUN (Flyball, 7D), Distance : 371 ft
Pitching: RHP Pablo Cabral
Batting: RHB Scott Merritt 0-0: Called Strike
0-1: SINGLE (Line Drive, 7S)
Pinch Hitting: LHB Anacleto Morillo 0-0: Ball
1-0: Ball
2-0: Called Strike
2-1: Ball
3-1: Base on Balls
Scott Merritt to second
Batting: RHB Peter Bishop 0-0: Called Strike
0-1: Fielders Choice at 2nd, 6-4 (Groundball, 6)
Bottom of the 7th over - 3 runs, 4 hits, 0 errors, 2 left on base; Kenilworth 6 - San Francisco 5
TOP OF THE 8TH
Kenilworth Aces batting - Pitching for San Francisco Bandits : RHP David Bates
Now at 3B: Anacleto Morillo
Batting: RHB Taylor McFarland 0-0: Ball
1-0: Swinging Strike
1-1: Ball
2-1: Ball
3-1: Base on Balls
Batting: LHB Pedro Díaz 0-0: Ball
1-0: Ball
2-0: Foul Ball, location: 2F
2-1: Foul Ball, location: 2F
2-2: Ball
3-2: Base on Balls
Taylor McFarland to second
Batting: RHB António Gonzáles 0-0: Called Strike
0-1: Ball
1-1: Ball
2-1: Foul Ball, location: 2F
2-2: Ball
3-2: Base on Balls
Taylor McFarland to third
Pedro Díaz to second
Batting: RHB Jorge Jiménez 0-0: Foul Ball, location: 2F
0-1: Fly out, F7 (Flyball, 7LS)
Runner from 3rd tags up, SCORES, throw made
Now in LF: Mel Jones
Pinch Hitting: LHB Jim Jensen 0-0: Ball
1-0: Fly out, F9 (Flyball, 9S)
Batting: LHB Barrett Waters 0-0: Foul Ball, location: 2F
0-1: Fly out, F7 (Flyball, 7S)
Top of the 8th over - 1 run, 0 hits, 0 errors, 2 left on base; Kenilworth 7 - San Francisco 5
BOTTOM OF THE 8TH
San Francisco Bandits batting - Pitching for Kenilworth Aces : RHP Pablo Cabral
Now in LF: Luis Villa
Batting: SHB Terry Dailey 0-0: Ball
1-0: Called Strike
1-1: Called Strike
1-2: Ball
2-2: Ball
3-2: Fly out, F8 (Flyball, 8RD)
Batting: RHB Owen Carter 0-0: Called Strike
0-1: Foul Ball, location: 2F
0-2: Strikes out swinging
Batting: LHB Mel Jones 0-0: Ball
1-0: Ball
2-0: Called Strike
2-1: SINGLE (Groundball, 34D)
Batting: LHB Alan McGilroy 0-0: Ball
1-0: Ball
2-0: Called Strike
2-1: Foul Ball, location: 2F
2-2: Ball
3-2: Fly out, F8 (Flyball, 89D)
Bottom of the 8th over - 0 runs, 1 hit, 0 errors, 1 left on base; Kenilworth 7 - San Francisco 5
TOP OF THE 9TH
Kenilworth Aces batting - Pitching for San Francisco Bandits : RHP David Bates
Pitching: RHP Kunihiko Daikawa
Batting: SHB Julián Madrid 0-0: Ball
1-0: Foul Ball, location: 2F
1-1: Ball
2-1: Ball
3-1: Base on Balls
Batting: LHB Sean Nicks 0-0: Called Strike
0-1: Swinging Strike
0-2: Ball
1-2: Ball
2-2: Fly out, F8 (Flyball, 8RXD)
Batting: RHB Andrés Lara 0-0: Foul Ball, location: 2F
0-1: Ball
1-1: Called Strike
1-2: Fly out, F5 (Popup, 5SF)
Batting: RHB Taylor McFarland 0-0: Ball
1-0: Fly out, F3 (Line Drive, 3S)
Top of the 9th over - 0 runs, 0 hits, 0 errors, 1 left on base; Kenilworth 7 - San Francisco 5
BOTTOM OF THE 9TH
San Francisco Bandits batting - Pitching for Kenilworth Aces : RHP Pablo Cabral
Pitching: RHP Robinson Gonzáles
Batting: RHB Dale Taylor 0-0: Ball
1-0: SINGLE (Groundball, 6MD)
Batting: RHB Naomichi Aoki 0-0: Ball
1-0: Called Strike
1-1: Foul Ball, location: 2F
1-2: Ball
2-2: Foul Ball, location: 2F
2-2: Ball
3-2: SINGLE (Flyball, 9S)
Dale Taylor to second
Batting: RHB Scott Merritt 0-0: Bunt missed!
0-1: Bunted foul
0-2: Ball
1-2: Fly out, F9 (Flyball, 9D)
Batting: LHB Anacleto Morillo 0-0: Called Strike
0-1: Reached on error, E1 (Groundball, 15S)
Dale Taylor to third
Naomichi Aoki to second
Batting: RHB Peter Bishop 0-0: Foul Ball, location: 2F
0-1: Called Strike
0-2: DOUBLE (Flyball, 8LXD)
Dale Taylor scores
Naomichi Aoki scores
Anacleto Morillo to third
Batting: SHB Terry Dailey 0-0: Intentional Walk
Batting: RHB Owen Carter 0-0: Ball
1-0: SINGLE (Groundball, 6MD)
Anacleto Morillo scores
Saturday, December 16th, 2017 - OOTP Baseball 18.8 Build 76